AoeStats
← RoR | Vodka_L_2

Arabian Desert

510279572Analyzed
1v1 RM · 2d ago on Sep 30, 2026· 34m 33s· 2 players
Game mode
Random Map
Map size
Tiny (2 player)
Population
200
Speed
Normal
Resources
Standard
Victory
Conquest
Starting age
Dark Age
Ending age
Imperial Age
RankedLock teamsTeams togetherTeam positionsShared explorationLock speedFull tech treeHidden civsTurbo modeCheats
Victory
Defeat
🇹🇷 Tatars · Türkiye
2589
+16
🇮🇹 Celts · Italy
2599
-16
KASVA
6:58 Loom
9:10 Feudal Age
9:41 Town Watch
9:45 Double-Bit Axe
13:02 Fletching
21:39 Castle Age
19:41 Horse Collar
20:29 Scale Barding Armor
20:55 Bloodlines
21:32 Forging
21:26 Gold Mining
22:35 Bow Saw
24:34 Wheelbarrow
24:36 Husbandry
26:25 Chain Barding Armor
31:11 Hand Cart
33:52 Bodkin Arrow
RoR | Vodka_L_2
6:51 Loom
9:37 Feudal Age
10:11 Double-Bit Axe
12:24 Fletching
17:29 Padded Archer Armor
19:21 Town Watch
23:02 Castle Age
21:26 Gold Mining
21:25 Horse Collar
23:09 Crossbowman
23:45 Bodkin Arrow
25:15 Ballistics
27:09 Wheelbarrow
30:15 Pikeman
31:08 Scale Mail Armor
33:31 Forging
34:17 Chain Mail Armor
Connection lost

Rejoining the realm…

Still unreachable

The connection could not be restored.

Session expired

The server has moved on; the page needs a fresh start.